 Dungeon Crawl Stone Soup version 0.21.1-1-g345015f (webtiles) character file.

93 garbagetei the Shield-Bearer (level 4, -8/29 HPs)
             Began as a Gargoyle Fighter on Feb 23, 2018.
             Mangled by an orc wizard
             ... wielding a +1 dagger of distortion
              (10 damage)
             ... on level 3 of the Dungeon.
             The game lasted 00:03:00 (2289 turns).

garbagetei the Shield-Bearer (Gargoyle Fighter)     Turns: 2289, Time: 00:03:01

Health: -8/29      AC: 10    Str: 20    XL:     4   Next: 61%
Magic:  4/4        EV:  7    Int:  9    God:
Gold:   194        SH:  0    Dex:  9    Spells: 3/3 levels left

rFire    . . .     SeeInvis .   a - +0 flail
rCold    . . .     Gourm    .   c - +0 shield
rNeg     + . .     Faith    .   b - +0 scale mail
rPois    ∞         Spirit   .   (no helmet)
rElec    +         Reflect  .   (no cloak)
rCorr    .         Harm     .   (no gloves)
MR       .....                  (no boots)
Stlth    ..........             (no amulet)
HPRegen  0.09/turn              (no ring)
MPRegen  0.09/turn              (no ring)

@: confused
A: negative energy resistance 1, electricity resistance, unbreathing,
petrification resistance, rot immunity, AC +3
a: no special abilities


You were on level 3 of the Dungeon.
You were not hungry.

You visited 1 branch of the dungeon, and saw 3 of its levels.

You collected 194 gold pieces.

Inventory:

Hand Weapons
 a - a +0 flail (weapon)
 r - a +0 blowgun
Missiles
 s - 16 poisoned needles
Armour
 b - a +0 scale mail (worn)
 c - a +0 shield (worn)
Wands
 m - a wand of iceblast (8)
Scrolls
 h - a scroll of amnesia {unknown}
 j - 2 scrolls of identify {unknown}
 l - 5 scrolls of teleportation {unknown}
 n - a scroll of blinking {unknown}
Potions
 d - a potion of might
 e - a potion of lignification {unknown}
 g - 2 potions of curing {unknown}
 i - 2 potions of agility {unknown}
 k - a potion of heal wounds {unknown}
 o - a potion of mutation {unknown}
 p - a potion of cancellation {unknown}
 t - a potion of brilliance {unknown}
 u - a potion of flight {unknown}
Comestibles
 f - 3 rations
 q - a chunk of flesh


   Skills:
 * Level 3.7 Fighting
 * Level 3.2 Maces & Flails
 + Level 3.5 Armour
 + Level 0.4 Dodging
 * Level 4.3 Shields


You had 3 spell levels left.
You didn't know any spells.

Dungeon Overview and Level Annotations

Branches:
Dungeon (3/15)

Altars:
The Shining One


Innate Abilities, Weirdness & Mutations

You are resistant to torment.
Your stone body is resilient. (AC +3)
You are immune to poison.
You resist negative energy. (rN+)
You are resistant to electric shocks. (rElec)
You can survive without breathing.
You are immune to petrification.
You are immune to rotting.


Message History

You barely miss something.
The orc priest miscasts a cantrip.
You closely miss something.
Unknown command.
Your shield prevents you from hitting the orc priest.
The orc priest hits you but does no damage.
You hear some strange, mumbled words.
You are confused.
You are too confused!
You sock the orc priest!
The orc priest is heavily wounded.
The orc priest hits you but does no damage.
You hear some strange, mumbled words.
A magic dart appears from out of thin air!
The magic dart hits you! Something hits you but does no damage.
Space warps horribly around you!
* * * LOW HITPOINT WARNING * * *
The orc priest closely misses you. Something hits you but does no damage.
Space warps horribly around you!
You die...

..#######..#...#..... #.
###............. #.
##.).#....#.#.#.# ####.#
#..####...#(.... ......
#.## #.#.......#
......##†# .....###....
.........# .............
:.......##....####......
######(@....... ......
#{.#....## ......
##o##.#.# ...... #o. .#
# #...# #... . ##..
..... . # # ##...... ##
..... #< ...... #....


You could see an orc priest and an orc.

Vanquished Creatures
  3 adders
  3 worms (D:2)
  2 orcs (D:3)
  5 bats
  A giant cockroach (D:2)
  5 goblins
  4 hobgoblins
  8 jackals
  10 kobolds
  A quokka (D:2)
  5 frilled lizards
  8 rats
55 creatures vanquished.

Notes
Turn   | Place    | Note
-------+----------+-------------------------------------------
     0 | D:1      | garbagetei the Gargoyle Fighter began the quest for the Orb.
     0 | D:1      | Reached XP level 1. HP: 14/14 MP: 1/1
   363 | D:1      | Reached XP level 2. HP: 19/19 MP: 2/2
  1023 | D:2      | Reached XP level 3. HP: 21/23 MP: 3/3
  1099 | D:2      | Reached skill level 4 in Shields
  1391 | D:2      | Found a glowing golden altar of the Shining One.
  1898 | D:3      | Reached XP level 4. HP: 28/28 MP: 4/4
  2289 | D:3      | Mangled by an orc wizard

Skill      XL: |  1  2  3 |
---------------+----------+-----
Shields        | 4 |  4.3
Maces & Flails | 3 |  3.2
Fighting       | |  3.7
Armour         | |  3.5
Dodging        | |  0.4

Action                   |  1- 3 |  4- 6 || total
-------------------------+-------+-------++-------
Melee: Flail             |   170 |   102 ||   272
  Eat: Chunk             |     3 |     2 ||     5
Armor: Scale mail        |   100 |    84 ||   184
Dodge: Dodged            |    54 |    45 ||    99
Block: Shield            |   103 |    90 ||   193
